 Dungeon Crawl Stone Soup version 0.20.1-1-g8b1a95d (webtiles) character file.

215 Minstaer the Grave Robber (level 6, -2/41 HPs)
             Began as a Human Necromancer on Nov 3, 2017.
             Slain by an orc
             ... wielding a +0 mace
              (6 damage)
             ... on level 3 of the Dungeon.
             The game lasted 00:18:18 (2794 turns).

Minstaer the Grave Robber (Human Necromancer)       Turns: 2794, Time: 00:18:18

Health: -2/41      AC:  3    Str:  8    XL:     6   Next: 15%
Magic:  10/12      EV: 12    Int: 18    God:
Gold:   56         SH:  0    Dex: 13    Spells: 4/13 levels left

rFire    . . .     SeeInvis .   y - +1 flail (holy)
rCold    . . .     Gourm    .   (no shield)
rNeg     . . .     Faith    .   a - +0 robe
rPois    .         Spirit   .   (no helmet)
rElec    .         Reflect  .   (no cloak)
rCorr    .         Harm     .   A - +0 pair of gloves
MR       .....                  (no boots)
Stlth    ++........             (no amulet)
Regen    0.2/turn               (no ring)
MPRegen  0.2/turn               (no ring)

@: no status effects
A: no striking features
a: no special abilities


You were on level 3 of the Dungeon.
You were not hungry.

You visited 1 branch of the dungeon, and saw 3 of its levels.

You collected 56 gold pieces.

Inventory:

Hand Weapons
 i - a +0 club
 o - a +0 dagger
 y - a +1 flail of holy wrath (weapon)
 z - a +0 short sword
Missiles
 d - 88 stones
 e - 13 poisoned needles
 g - 22 bolts
 j - 17 arrows
 s - 2 javelins of penetration (quivered)
Armour
 a - a +0 robe (worn)
 A - a +0 pair of gloves (worn)
Jewellery
 k - an uncursed ring of stealth {unknown}
 v - a +5 ring of dexterity {unknown}
Scrolls
 l - 2 scrolls of teleportation {unknown}
 p - a scroll of blinking {unknown}
 q - a scroll of enchant weapon {unknown}
 t - a scroll of immolation {unknown}
 w - 2 scrolls of identify {unknown}
 x - a scroll of magic mapping {unknown}
Potions
 f - a potion of mutation {unknown}
 h - a potion of cancellation {unknown}
 n - a potion of curing {unknown}
 u - a potion of heal wounds {unknown}
Books
 b - a book of Necromancy

   Spells                             Type                      Level
   a - Pain                           Necromancy                   1
   b - Animate Skeleton               Necromancy                   1
   c - Vampiric Draining              Necromancy                   3
   d - Regeneration                   Charms/Necromancy            3
   e - Animate Dead                   Necromancy                   4
   f - Control Undead                 Necromancy                   4
Comestibles
 c - 3 bread rations
 m - a royal jelly
 r - 2 chunks of flesh


   Skills:
 - Level 2.0 Dodging
 - Level 2.0 Stealth
 + Level 4.3 Spellcasting
 + Level 5.4 Necromancy


You had 4 spell levels left.
You knew the following spells:

 Your Spells              Type           Power        Failure   Level  Hunger
a - Pain                  Necr           ###.         1%          1    None
b - Animate Skeleton      Necr           N/A          1%          1    None
c - Vampiric Draining     Necr           ###.......   4%          3    ###....
d - Animate Dead          Necr           N/A          16%         4    ####...


Dungeon Overview and Level Annotations

Branches:
Dungeon (3/15)

Altars:


Message History

Press: ? - help, Shift-Dir - straight line, f/p - orc
Aim: an orc, wielding a falchion and wearing a leather armour (chance to defeat MR: 92%)
The orc writhes in agony!
The orc hits you but does no damage.
Casting: Pain
Confirm with . or Enter, or press ? or * to list all spells.
Aiming: Pain
Press: ? - help, Shift-Dir - straight line, f/p - orc
Aim: an orc, wielding a falchion and wearing a leather armour (almost dead, chance to defeat MR: 92%)
The orc writhes in agony!
You kill the orc!
The orc hits you with a mace!
* * * LOW HITPOINT WARNING * * *
There is an open door here.
The orc hits you with a mace.
* * * LOW HITPOINT WARNING * * *
There is an open door here.
There is a stone staircase leading up, spattered with blood here.
The orc priest casts a cantrip, but nothing happens.
The orc hits you with a mace.
You die...

....o.....#
#.###.#.#
####..#####
#.###.#.# ......#
#.......# #####o##
#####.### ##...##
#.# ##.....## ####.#
##.......## ##.##.#
#.........####...#.#
+......>..o...oo@..#
#.........####...#.#
##.......## ##.##)#
##.....## ####Z#
##...## ######.#
##'## #..Z...# #.#
#.###### #####.# #.#
......##### #.#


You could see an orc priest and 2 orcs.

Vanquished Creatures
  The ghost of Anon1729 the Covert, an amateur SpAs (D:3)
  Terence (D:2)
  A hound skeleton (D:3)
  4 adders
  An ooze (D:1)
  A worm (D:2)
  A dart slug (D:3)
  2 leopard geckos
  2 orcs (D:3)
  5 bats
  A giant cockroach (D:3)
  3 goblins
  8 hobgoblins
  7 jackals
  7 kobolds
  A ball python (D:1)
  4 frilled lizards
  5 rats
55 creatures vanquished.

Vanquished Creatures (collateral kills)
  A gnoll (D:1)
  A worm (D:2)
  An orc (D:3)
  A giant cockroach (D:1)
  A goblin (D:1)
  A hobgoblin (D:1)
  2 bats
  A kobold (D:1)
9 creatures vanquished.

Grand Total: 64 creatures vanquished

Notes
Turn   | Place    | Note
-------+----------+-------------------------------------------
     0 | D:1      | Minstaer the Human Necromancer began the quest for the Orb.
     0 | D:1      | Reached XP level 1. HP: 13/13 MP: 3/3
     2 | D:1      | Learned a level 1 spell: Animate Skeleton
   388 | D:1      | Reached XP level 2. HP: 12/19 MP: 3/5
   922 | D:1      | Reached XP level 3. HP: 4/24 MP: 2/7
  1345 | D:1      | Reached XP level 4. HP: 16/30 MP: 4/8
  1495 | D:2      | Learned a level 3 spell: Vampiric Draining
  2100 | D:2      | Noticed Terence
  2113 | D:2      | Killed Terence
  2113 | D:2      | Reached skill level 5 in Necromancy
  2113 | D:2      | Reached XP level 5. HP: 24/35 MP: 4/10
  2235 | D:2      | Learned a level 4 spell: Animate Dead
  2632 | D:3      | Noticed Anon1729's ghost (amateur SpAs)
  2640 | D:3      | Killed Anon1729's ghost
  2640 | D:3      | Reached XP level 6. HP: 23/41 MP: 5/12
  2726 | D:3      | Found a faded altar of an unknown god.
  2794 | D:3      | Slain by an orc

Skill      XL: |  1  2  3  4  5 |
---------------+----------------+-----
Spellcasting   | 3 4 |  4.3
Necromancy     | 5 |  5.4
Dodging        | |  2.0
Stealth        | |  2.0

Action                   |  1- 3 |  4- 6 || total
-------------------------+-------+-------++-------
Melee: Club              |    25 |       ||    25
       Dagger            |    14 |    28 ||    42
       Flail             |       |    19 ||    19
Throw: Javelin           |       |     3 ||     3
 Cast: Pain              |    35 |    64 ||    99
       Animate Skeleton  |     8 |     9 ||    17
       Animate Dead      |       |     2 ||     2
 Stab: Sleeping          |     2 |     2 ||     4
       Distracted        |     1 |       ||     1
  Eat: Chunk             |     2 |     5 ||     7
Armor: Robe              |    13 |    15 ||    28
Dodge: Dodged            |    47 |    48 ||    95
